 Dungeon Crawl Stone Soup version 0.26.0-10-g1f06aea511 (webtiles) character file.

Game seed: 468026187977867494

9 Dracia the Conjurer (level 2, 0/20 HPs)
             Began as a Draconian Conjurer on Jan 26, 2021.
             Slain by a jackal (1 damage)
             ... on level 1 of the Dungeon.
             The game lasted 00:03:17 (408 turns).

Dracia the Conjurer (Draconian Conjurer)             Turns: 408, Time: 00:03:18

Health: 0/20       AC:  4    Str:  9    XL:     2   Next: 3%
Magic:  4/5        EV: 12    Int: 18    God:
Gold:   25         SH:  0    Dex:  9    Spells: 4/5 levels left

rFire    . . .     SeeInvis .   (no weapon)
rCold    . . .     Faith    .   (no shield)
rNeg     . . .     Spirit   .   (armour unavailable)
rPois    .         Reflect  .   (helmet restricted)
rElec    .         Harm     .   (no cloak)
rCorr    .         Rampage  .   (no gloves)
Will     .....                  (no boots)
Stlth    ++........             (no amulet)
HPRegen  0.06/turn              (no ring)
MPRegen  0.09/turn              (no ring)

@: no status effects
A: unfitting armour, cold-blooded, AC +4
a: no special abilities


You were on level 1 of the Dungeon.
You visited 1 branch of the dungeon, and saw 1 of its levels.

You collected 25 gold pieces.


Innate Abilities, Weirdness & Mutations

Your plain brown scales are hard. (AC +4)
You cannot fit into any form of body armour.
You are cold-blooded and may be slowed by cold attacks.


   Skills:
 - Level 1.7 Dodging
 - Level 1.7 Stealth
 - Level 2.0 Spellcasting
 + Level 4.4 Conjurations


You had 4 spell levels left.
You knew the following spells:

 Your Spells              Type           Power        Failure   Level
z - Magic Dart            Conj           68%          3%          1

Your spell library contained the following spells:

 Spells                   Type           Power        Failure   Level
 Searing Ray              Conj           34%          4%          2
 Dazzling Flash           Conj/Hex       18%          22%         3
 Fulminant Prism          Conj/Hex       4%           58%         4
 Iskenderun's Mystic Bla  Conj/Tloc      9%           58%         4

Inventory:

Scrolls
 b - 4 scrolls of fog {unknown}
Potions
 a - a potion of mutation {unknown}

Dungeon Overview and Level Annotations

Branches:
Dungeon (1/15)

Altars:

.#......##.##....
........##.####.###
............†.....
........##.####.#####..
........>...h..h......#
.........#.####l######
.####.##.#.####.# #
#.........#h# ..
###..#......@.#
#.##....#..#######
#...........#
####.##.....#
#####.##.....#
...##.##.....#
...##.##.....#
...'..##.#...#
...#####.#...#


You could see a leopard gecko and 2 jackals.


Message History

The jackal misses you.
The jackal bites you but does no damage.
You hit the jackal but do no damage.
The jackal is moderately wounded.
The jackal bites you.
* * * LOW HITPOINT WARNING * * *
You barely miss the jackal. You tail-slap the jackal.
The jackal is heavily wounded.
The jackal closely misses you. The jackal bites you.
* * * LOW HITPOINT WARNING * * *
You barely miss the jackal.
The jackal is heavily wounded.
The jackal bites you.
* * * LOW HITPOINT WARNING * * *
You hit the jackal.
The jackal is severely wounded.
The jackal closely misses you.
You hit the jackal but do no damage.
The jackal is severely wounded.
The jackal closely misses you. x2
You hit the jackal but do no damage.
Your tail-slap misses the jackal.
The jackal is severely wounded.
The jackal bites you but does no damage.
You hit the jackal but do no damage.
The jackal is severely wounded.
The jackal misses you. The jackal barely misses you.
You are too injured to fight recklessly!
The jackal misses you. The jackal bites you.
You die...

Action                   || total
-------------------------++-------
Melee: Unarmed           ||    41
       Tailslap          ||     3
 Cast: Magic Dart        ||    13
Armor: Skin              ||    11
Dodge: Dodged            ||    41

Levels and vault maps discovered:
D:1:      lightli_arrival_windingriver, layout_basic, minmay_pentomino_q2

Notes
Turn   | Place    | Note
-------+----------+-------------------------------------------
     0 | D:1      | Dracia the Draconian Conjurer began the quest for the Orb.
     0 | D:1      | Reached XP level 1. HP: 14/14 MP: 3/3
   361 | D:1      | Reached XP level 2. HP: 14/20 MP: 0/5
   399 | D:1      | HP: 1/20 [jackal (2)]
   408 | D:1      | Slain by a jackal

Vanquished Creatures
  A giant cockroach (D:1)
  2 jackals (D:1)
  3 frilled lizards (D:1)
  2 kobolds (D:1)
  2 rats (D:1)
10 creatures vanquished.

Table legend: (Time is in decaauts)
 A = Elapsed time spent in this place.
 B = Non-inter-level travel time spent in this place.
 C = Inter-level travel time spent in this place.
 D = Time resting spent in this place.
 E = Time spent auto-exploring this place.
 F = Levels seen in this place.
 G = Mean time per level.
                   A        B        C        D        E       F      G
               +--------+--------+--------+--------+--------+-----+--------+
         Total |    408 |    408 |      0 |      0 |    325 |   1 |  408.0 |
       Dungeon |    408 |    408 |      0 |      0 |    325 |   1 |  408.0 |
               +--------+--------+--------+--------+--------+-----+--------+

Top non-repeatable levels by time:
     D:1: 408 daAuts

Table legend:
 A = Non-vault XP
 B = Vault XP
 C = Vault XP percentage of total XP
 D = Non-vault monster count
 E = Vault monster count
 F = Vault count percentage of total count
                 A         B        C        D         E       F
            +---------+---------+-------+---------+---------+-------
      Total |      13 |       0 |   0.0 |      10 |       0 |   0.0
            +---------+---------+-------+---------+---------+-------
        D:1 |      13 |       0 |   0.0 |      10 |       0 |   0.0
            +---------+---------+-------+---------+---------+-------
